[ AOE2 MATCH · #505851529 ]
UnrankedSlavs vs Goths
Player's team · LOSS
Rival team · WIN
[ REPLAY ANALYSIS · EXTRACTED FROM THE RECORDED GAME ]
Feudal
9:17
Castle
22:17
Imperial
—
| APM avg | 72.5 |
| APM peak | 108 |
| eAPM avg | 23.8 |
| Villagers / military | 70 / 47 |
Focus
⚔️ 28.2% · 🌾 71.8%
Knight ×32 · Archer ×9 · Skirmisher ×4 · Spearman ×2
Feudal
12:58
Castle
19:21
Imperial
—
| APM avg | 50.0 |
| APM peak | 76 |
| eAPM avg | 18.9 |
| Villagers / military | 64 / 82 |
Focus
⚔️ 41.2% · 🌾 58.8%
Huskarl ×54 · Monk ×10 · Militia ×10 · Spearman ×8
Match map
Initial resources + every placement click. Lines = walls · curves = elevation contours. ◆ gold · ⬟ stone · ● berries · ✦ relic · ◌ wall gap
Your base· Open — opponent sealed themselves in
SaintedByArmor's base· ✓ Closed at 19:21 · 47t walls · no gate
Smoothed initial terrain · ◌ = detected wall gap · hover for details
Inputs per minute
— LukeTheHunter - - SaintedByArmor
Build order — LukeTheHunter
First 150 of 238 actions detected
| 0:01 | Create | Villager (Male) |
| 0:01 | Create | Villager (Male) |
| 0:02 | Build | House |
| 0:05 | Build | House |
| 0:07 | Create | Villager (Male) |
| 0:08 | Create | Villager (Male) |
| 1:27 | Create | Villager (Male) |
| 1:55 | Build | Lumber Camp |
| 1:58 | Create | Villager (Male) |
| 2:13 | Create | Villager (Male) |
| 2:44 | Create | Villager (Male) |
| 3:01 | Create | Villager (Male) |
| 3:34 | Create | Villager (Male) |
| 3:56 | Build | House |
| 4:05 | Create | Villager (Male) |
| 4:23 | Create | Villager (Male) |
| 4:35 | Build | Mill |
| 5:00 | Create | Villager (Male) |
| 5:00 | Create | Villager (Male) |
| 5:06 | Create | Villager (Male) |
| 6:00 | Build | Palisade Wall |
| 6:02 | Build | Palisade Wall |
| 6:03 | Build | Palisade Wall |
| 6:06 | Build | Palisade Wall |
| 6:13 | Research | Loom |
| 6:13 | Create | Villager (Male) |
| 6:58 | Build | Palisade Wall |
| 7:07 | Research | Feudal Age |
| 7:43 | Create | Villager (Male) |
| 7:50 | Build | House |
| 8:00 | Build | Barracks |
| 8:12 | Create | Villager (Male) |
| 8:45 | Create | Villager (Male) |
| 9:17 | Age | Feudal Age |
| 9:19 | Build | Archery Range |
| 9:21 | Create | Spearman |
| 9:54 | Create | Archer |
| 10:11 | Create | Villager (Male) |
| 10:21 | Build | Mining Camp |
| 10:25 | Create | Skirmisher |
| 10:25 | Create | Skirmisher |
| 10:43 | Create | Villager (Male) |
| 10:48 | Build | Palisade Wall |
| 10:51 | Build | Palisade Wall |
| 10:54 | Create | Skirmisher |
| 11:09 | Create | Skirmisher |
| 11:17 | Build | Farm |
| 11:36 | Build | Farm |
| 11:49 | Create | Villager (Male) |
| 11:58 | Create | Archer |
| 12:06 | Build | Farm |
| 12:17 | Create | Villager (Male) |
| 12:26 | Create | Archer |
| 12:36 | Build | House |
| 12:47 | Create | Archer |
| 12:47 | Create | Villager (Male) |
| 12:48 | Create | Villager (Male) |
| 12:48 | Create | Villager (Male) |
| 13:00 | Create | Villager (Male) |
| 13:17 | Build | Farm |
| 13:21 | Create | Villager (Male) |
| 13:35 | Create | Archer |
| 13:41 | Build | House |
| 13:59 | Build | House |
| 14:04 | Create | Villager (Male) |
| 14:07 | Build | Farm |
| 14:18 | Create | Villager (Male) |
| 14:21 | Create | Archer |
| 15:01 | Create | Villager (Male) |
| 15:05 | Build | Market |
| 15:09 | Build | Blacksmith |
| 15:10 | Build | House |
| 15:15 | Create | Archer |
| 15:15 | Create | Villager (Male) |
| 15:16 | Create | Villager (Male) |
| 15:37 | Create | Villager (Male) |
| 15:41 | Build | Farm |
| 15:41 | Build | Farm |
| 15:41 | Build | Farm |
| 15:46 | Research | Fletching |
| 16:01 | Build | Farm |
| 16:18 | Create | Archer |
| 16:19 | Create | Villager (Male) |
| 16:23 | Build | House |
| 17:05 | Create | Villager (Male) |
| 17:07 | Build | Farm |
| 17:10 | Build | Farm |
| 17:10 | Build | Farm |
| 17:10 | Build | Farm |
| 17:24 | Create | Villager (Male) |
| 17:30 | Create | Spearman |
| 17:36 | Build | House |
| 17:37 | Build | House |
| 17:41 | Build | Farm |
| 17:43 | Create | Villager (Male) |
| 17:45 | Create | Archer |
| 17:52 | Build | Farm |
| 18:09 | Build | House |
| 18:10 | Build | Palisade Wall |
| 18:14 | Build | Palisade Wall |
| 18:16 | Build | Palisade Wall |
| 18:19 | Build | Palisade Wall |
| 18:27 | Create | Villager (Male) |
| 18:35 | Build | Palisade Wall |
| 18:42 | Build | Palisade Wall |
| 18:43 | Build | Palisade Wall |
| 18:44 | Build | Palisade Wall |
| 18:51 | Create | Villager (Male) |
| 18:52 | Build | Farm |
| 19:27 | Build | Farm |
| 19:28 | Build | Palisade Wall |
| 19:32 | Build | Palisade Wall |
| 19:37 | Research | Castle Age |
| 19:58 | Research | Gold Mining |
| 20:05 | Build | Palisade Wall |
| 20:16 | Build | Palisade Wall |
| 20:18 | Build | Palisade Wall |
| 20:41 | Build | Stable |
| 20:44 | Research | Scale Barding Armor |
| 20:49 | Build | Palisade Wall |
| 20:51 | Research | Double-Bit Axe |
| 20:52 | Research | Double-Bit Axe |
| 20:56 | Build | Palisade Wall |
| 20:56 | Build | Palisade Wall |
| 21:11 | Build | Stable |
| 21:29 | Research | Horse Collar |
| 21:46 | Build | Farm |
| 21:47 | Build | Farm |
| 21:50 | Build | Farm |
| 21:52 | Research | Bloodlines |
| 21:52 | Research | Bloodlines |
| 22:06 | Create | Villager (Male) |
| 22:07 | Build | House |
| 22:09 | Build | Farm |
| 22:17 | Age | Castle Age |
| 22:22 | Create | Knight |
| 22:23 | Create | Knight |
| 22:35 | Create | Knight |
| 22:40 | Build | Farm |
| 22:44 | Create | Villager (Male) |
| 22:52 | Create | Knight |
| 22:57 | Build | House |
| 23:05 | Create | Villager (Male) |
| 23:13 | Build | House |
| 23:15 | Create | Knight |
| 23:23 | Build | Mill |
| 23:24 | Build | Farm |
| 23:24 | Build | Farm |
| 23:25 | Build | Farm |
| 23:25 | Build | Farm |
Build order — SaintedByArmor
First 150 of 249 actions detected
| 0:00 | Create | Villager (Male) |
| 0:00 | Create | Villager (Male) |
| 0:02 | Build | House |
| 0:02 | Build | House |
| 0:19 | Create | Villager (Male) |
| 0:19 | Create | Villager (Male) |
| 1:28 | Create | Villager (Male) |
| 2:03 | Create | Villager (Male) |
| 2:14 | Build | House |
| 2:29 | Create | Villager (Male) |
| 2:54 | Create | Villager (Male) |
| 3:10 | Create | Villager (Male) |
| 3:42 | Create | Villager (Male) |
| 3:43 | Create | Villager (Male) |
| 4:04 | Build | Barracks |
| 4:05 | Build | Palisade Wall |
| 4:06 | Build | Palisade Wall |
| 4:07 | Build | Palisade Wall |
| 4:10 | Create | Villager (Male) |
| 4:36 | Create | Villager (Male) |
| 4:45 | Build | House |
| 4:53 | Create | Villager (Male) |
| 4:59 | Create | Militia |
| 4:59 | Create | Militia |
| 5:12 | Create | Villager (Male) |
| 5:52 | Create | Villager (Male) |
| 5:53 | Build | Mill |
| 5:58 | Build | Palisade Wall |
| 5:59 | Build | Palisade Wall |
| 5:59 | Build | Palisade Wall |
| 6:00 | Build | Palisade Wall |
| 6:01 | Build | Palisade Wall |
| 6:03 | Build | Palisade Wall |
| 6:03 | Build | Palisade Wall |
| 6:04 | Create | Militia |
| 6:10 | Create | Villager (Male) |
| 6:11 | Create | Militia |
| 6:11 | Create | Militia |
| 6:26 | Build | House |
| 6:41 | Create | Villager (Male) |
| 6:41 | Create | Villager (Male) |
| 7:06 | Create | Villager (Male) |
| 7:44 | Build | House |
| 7:55 | Create | Villager (Male) |
| 8:15 | Build | Lumber Camp |
| 8:17 | Create | Villager (Male) |
| 8:20 | Build | Palisade Wall |
| 8:41 | Create | Villager (Male) |
| 9:01 | Create | Villager (Male) |
| 9:15 | Build | House |
| 9:17 | Build | Palisade Wall |
| 9:24 | Build | Palisade Wall |
| 9:26 | Build | Palisade Wall |
| 9:29 | Build | Palisade Wall |
| 9:32 | Build | Palisade Wall |
| 9:34 | Create | Villager (Male) |
| 9:41 | Build | House |
| 9:49 | Build | House |
| 9:51 | Build | Palisade Wall |
| 10:19 | Create | Villager (Male) |
| 10:39 | Research | Feudal Age |
| 10:46 | Build | Mining Camp |
| 11:49 | Build | Palisade Wall |
| 11:51 | Build | Palisade Wall |
| 12:03 | Build | House |
| 12:04 | Build | Palisade Wall |
| 12:05 | Build | Palisade Wall |
| 12:06 | Create | Villager (Male) |
| 12:10 | Build | Palisade Wall |
| 12:13 | Build | Palisade Wall |
| 12:41 | Build | Palisade Wall |
| 12:58 | Age | Feudal Age |
| 13:08 | Research | Loom |
| 13:11 | Build | Market |
| 13:19 | Build | Blacksmith |
| 13:26 | Create | Villager (Male) |
| 13:26 | Create | Villager (Male) |
| 13:28 | Build | Farm |
| 13:43 | Build | House |
| 14:03 | Build | House |
| 14:04 | Build | House |
| 14:06 | Build | Palisade Wall |
| 14:08 | Build | Farm |
| 14:19 | Create | Villager (Male) |
| 14:22 | Build | Farm |
| 14:28 | Build | Palisade Wall |
| 14:36 | Research | Double-Bit Axe |
| 14:53 | Create | Villager (Male) |
| 14:54 | Build | Farm |
| 14:56 | Build | Palisade Wall |
| 15:11 | Build | Farm |
| 15:11 | Create | Villager (Male) |
| 15:21 | Build | Farm |
| 15:28 | Create | Villager (Male) |
| 15:45 | Build | Mining Camp |
| 16:07 | Build | House |
| 16:09 | Create | Villager (Male) |
| 16:41 | Research | Castle Age |
| 17:27 | Build | Farm |
| 17:29 | Build | Farm |
| 17:30 | Build | Farm |
| 17:32 | Build | Farm |
| 17:36 | Research | Horse Collar |
| 19:21 | Age | Castle Age |
| 19:23 | Build | Castle |
| 19:32 | Create | Villager (Male) |
| 19:32 | Create | Villager (Male) |
| 19:44 | Build | Farm |
| 19:47 | Build | Farm |
| 20:09 | Create | Huskarl |
| 20:09 | Create | Huskarl |
| 20:17 | Build | Mill |
| 20:18 | Build | Farm |
| 20:18 | Build | Farm |
| 20:19 | Build | Farm |
| 20:19 | Build | Farm |
| 20:19 | Build | Farm |
| 20:19 | Build | Farm |
| 20:19 | Build | Farm |
| 20:22 | Create | Villager (Male) |
| 20:23 | Create | Huskarl |
| 20:23 | Create | Huskarl |
| 20:38 | Research | Squires |
| 20:43 | Build | Farm |
| 20:45 | Create | Villager (Male) |
| 20:48 | Create | Huskarl |
| 20:49 | Create | Huskarl |
| 20:58 | Build | Farm |
| 20:59 | Create | Huskarl |
| 21:09 | Create | Villager (Male) |
| 21:10 | Create | Huskarl |
| 21:21 | Build | Farm |
| 21:23 | Create | Villager (Male) |
| 21:42 | Create | Huskarl |
| 21:43 | Create | Villager (Male) |
| 21:54 | Create | Huskarl |
| 22:05 | Create | Huskarl |
| 22:05 | Create | Villager (Male) |
| 22:20 | Create | Huskarl |
| 22:23 | Build | Monastery |
| 22:34 | Create | Huskarl |
| 22:34 | Create | Huskarl |
| 22:47 | Build | Farm |
| 22:48 | Build | Farm |
| 22:49 | Create | Villager (Male) |
| 23:06 | Create | Huskarl |
| 23:06 | Create | Huskarl |
| 23:15 | Create | Villager (Male) |
| 23:21 | Research | Scale Mail Armor |
| 23:23 | Create | Monk |
Match timeline
| 4:04 | SaintedByArmor · first_building Barracks |
| 4:05 | SaintedByArmor · wall_segment Palisade Wall x1 |
| 4:06 | SaintedByArmor · wall_segment Palisade Wall x1 |
| 4:07 | SaintedByArmor · wall_segment Palisade Wall x1 |
| 5:58 | SaintedByArmor · wall_segment Palisade Wall x1 |
| 5:59 | SaintedByArmor · wall_segment Palisade Wall x1 |
| 5:59 | SaintedByArmor · wall_segment Palisade Wall x1 |
| 6:00 | SaintedByArmor · wall_segment Palisade Wall x1 |
| 6:00 | LukeTheHunter · wall_segment Palisade Wall x1 |
| 6:01 | SaintedByArmor · wall_segment Palisade Wall x3 |
| 6:02 | LukeTheHunter · wall_segment Palisade Wall x1 |
| 6:03 | LukeTheHunter · wall_segment Palisade Wall x1 |
| 6:03 | SaintedByArmor · wall_segment Palisade Wall x3 |
| 6:03 | SaintedByArmor · wall_segment Palisade Wall x1 |
| 6:06 | LukeTheHunter · wall_segment Palisade Wall x1 |
| 6:58 | LukeTheHunter · wall_segment Palisade Wall x1 |
| 8:00 | LukeTheHunter · first_building Barracks |
| 8:20 | SaintedByArmor · wall_segment Palisade Wall x1 |
| 9:17 | LukeTheHunter · age_up feudal |
| 9:17 | SaintedByArmor · wall_segment Palisade Wall x5 |
| 9:19 | LukeTheHunter · first_building Archery Range |
| 9:24 | SaintedByArmor · wall_segment Palisade Wall x1 |
| 9:26 | SaintedByArmor · wall_segment Palisade Wall x2 |
| 9:29 | SaintedByArmor · wall_segment Palisade Wall x1 |
| 9:32 | SaintedByArmor · wall_segment Palisade Wall x5 |
| 9:51 | SaintedByArmor · wall_segment Palisade Wall x10 |
| 10:48 | LukeTheHunter · wall_segment Palisade Wall x1 |
| 10:51 | LukeTheHunter · wall_segment Palisade Wall x1 |
| 11:49 | SaintedByArmor · wall_segment Palisade Wall x1 |
| 11:51 | SaintedByArmor · wall_segment Palisade Wall x1 |
| 12:04 | SaintedByArmor · wall_segment Palisade Wall x1 |
| 12:05 | SaintedByArmor · wall_segment Palisade Wall x1 |
| 12:10 | SaintedByArmor · wall_segment Palisade Wall x1 |
| 12:13 | SaintedByArmor · wall_segment Palisade Wall x1 |
| 12:41 | SaintedByArmor · wall_segment Palisade Wall x1 |
| 12:58 | SaintedByArmor · age_up feudal |
| 14:06 | SaintedByArmor · wall_segment Palisade Wall x1 |
| 14:28 | SaintedByArmor · wall_segment Palisade Wall x1 |
| 14:56 | SaintedByArmor · wall_segment Palisade Wall x1 |
| 15:31 | SaintedByArmor · first_market_buy 100 food |
| 18:10 | LukeTheHunter · wall_segment Palisade Wall x6 |
| 18:14 | LukeTheHunter · wall_segment Palisade Wall x4 |
| 18:16 | LukeTheHunter · wall_segment Palisade Wall x2 |
| 18:19 | LukeTheHunter · wall_segment Palisade Wall x7 |
| 18:35 | LukeTheHunter · wall_segment Palisade Wall x8 |
| 18:42 | LukeTheHunter · wall_segment Palisade Wall x9 |
| 18:43 | LukeTheHunter · wall_segment Palisade Wall x1 |
| 18:44 | LukeTheHunter · wall_segment Palisade Wall x3 |
| 19:21 | SaintedByArmor · age_up castle |
| 19:23 | SaintedByArmor · first_building Castle |
| 19:28 | LukeTheHunter · wall_segment Palisade Wall x7 |
| 19:32 | LukeTheHunter · wall_segment Palisade Wall x5 |
| 20:05 | LukeTheHunter · wall_segment Palisade Wall x1 |
| 20:16 | LukeTheHunter · wall_segment Palisade Wall x7 |
| 20:18 | LukeTheHunter · wall_segment Palisade Wall x7 |
| 20:41 | LukeTheHunter · first_building Stable |
| 20:49 | LukeTheHunter · wall_segment Palisade Wall x7 |
| 20:56 | LukeTheHunter · wall_segment Palisade Wall x1 |
| 20:56 | LukeTheHunter · wall_segment Palisade Wall x1 |
| 22:17 | LukeTheHunter · age_up castle |
| 22:23 | SaintedByArmor · first_building Monastery |
| 24:39 | LukeTheHunter · wall_segment Palisade Wall x3 |
| 28:50 | LukeTheHunter · first_building Monastery |
| 29:16 | SaintedByArmor · first_market_sell 100 wood |
| 31:49 | LukeTheHunter · resign |
[ AI ANALYSIS · 1 CREDIT ]
What really happened in this match?
Wolo.gg analyzes every decision: build order, eco, micro, common mistakes by bracket. Personalized analysis on WhatsApp or Discord in 30 seconds.
Civ guide
Slavs
Perfil
Jugador #1373125